AoeStats
← 波卡

Pilgrims

509712143Analyzed
3v3 RM · 4d ago on Sep 27, 2026· 56m 13s· 6 players
Game mode
Random Map
Map size
Normal (6 player)
Population
200
Speed
Normal
Resources
Standard
Victory
Conquest
Starting age
Dark Age
Ending age
Imperial Age
RankedLock teamsTeams togetherTeam positionsShared explorationLock speedFull tech treeHidden civsTurbo modeCheats
Victory
Defeat
🇬🇧 Huns · United Kingdom
1040
+15
🇫🇷 Britons · France
1032
+15
🇹🇼 Jurchens · Taiwan
1009
+16
🇸🇪 Khmer · Sweden
1025
-15
🇸🇪 Sicilians · Sweden
1025
-16
🇸🇪 Romans · Sweden
1010
-15
波卡
11:35 Feudal Age
13:08 Double-Bit Axe
17:48 Bloodlines
20:25 Castle Age
21:37 Bow Saw
22:02 Forging
23:59 Wheelbarrow
24:59 Horse Collar
27:10 Husbandry
27:45 Gold Mining
28:16 Hand Cart
33:20 Imperial Age
33:01 Caravan
34:12 Gold Shaft Mining
33:27 Capped Ram
34:14 Elite Steppe Lancer
35:07 Scale Barding Armor
37:18 Two-Man Saw
36:20 Heavy Plow
42:08 Light Cavalry
44:33 Conscription
43:36 Elite Iron Pagoda
44:46 Chain Barding Armor
45:03 Iron Casting
47:47 Crop Rotation
49:44 Chemistry
49:04 Stone Mining
54:47 Blast Furnace
54:23 Plate Barding Armor
54:06 Herbal Medicine
Ryan
8:35 Loom
10:20 Feudal Age
11:38 Double-Bit Axe
12:05 Horse Collar
16:46 Castle Age
18:47 Fletching
19:30 Bodkin Arrow
21:03 Ballistics
21:02 Padded Archer Armor
21:16 Thumb Ring
22:24 Town Watch
23:43 Leather Archer Armor
31:42 Bloodlines
36:09 Horse Collar
40:06 Imperial Age
38:05 Husbandry
38:04 Murder Holes
39:47 Wheelbarrow
39:22 Town Patrol
39:43 Scale Barding Armor
39:49 Forging
39:03 Light Cavalry
40:06 Marauders
41:17 Chain Barding Armor
42:13 Bracer
43:38 Hand Cart
46:12 Plate Barding Armor
45:59 Bow Saw
46:45 Gold Mining
46:47 Stone Mining
47:20 Conscription
47:36 Iron Casting
47:01 Elite Tarkan
49:45 Blast Furnace
49:48 Heavy Plow
50:23 Gold Shaft Mining
Unknown-Ben
12:05 Loom
13:51 Feudal Age
19:40 Castle Age
18:36 Stone Mining
18:28 Horse Collar
20:00 Double-Bit Axe
21:07 Bow Saw
26:00 Treadmill Crane
26:41 Ballistics
26:23 Gold Mining
26:36 Heavy Plow
29:28 Wheelbarrow
31:44 Hand Cart
31:52 Padded Archer Armor
31:46 Fletching
32:24 Bodkin Arrow
34:07 Gold Shaft Mining
34:07 Padded Archer Armor
37:52 Imperial Age
38:31 Caravan
38:40 Bracer
38:57 Leather Archer Armor
39:05 Conscription
39:09 Yeomen
39:55 Chemistry
39:17 Elite Longbowman
41:48 Ring Archer Armor
51:12 Warwolf
51:53 Pikeman
Kingmaster.95
4:01 Loom
12:11 Feudal Age
12:49 Horse Collar
12:57 Double-Bit Axe
13:05 Stone Mining
15:29 Town Watch
17:51 Gold Mining
23:01 Castle Age
29:42 Pikeman
30:02 Elite Skirmisher
30:57 Fletching
31:07 Padded Archer Armor
32:06 Scale Mail Armor
32:17 Forging
33:23 Pikeman
34:04 Squires
34:22 Gambesons
35:42 Wheelbarrow
35:53 Leather Archer Armor
35:45 Heavy Plow
38:17 Hand Cart
39:48 Bodkin Arrow
40:10 Chain Mail Armor
46:11 Ballistics
48:25 Bow Saw
sese
10:30 Feudal Age
10:55 Horse Collar
11:08 Double-Bit Axe
11:05 Man-at-Arms
16:07 Fishing Lines
19:05 Castle Age
18:01 Gold Mining
21:14 Gillnets
23:06 Wheelbarrow
22:48 Bow Saw
22:45 Heavy Plow
26:39 Hand Cart
28:11 Forging
28:06 Scale Barding Armor
30:38 Long Swordsman
31:18 Squires
31:23 Scale Mail Armor
37:02 Imperial Age
37:11 Legionary
38:20 Chain Mail Armor
38:41 Iron Casting
47:03 Gold Shaft Mining
50:04 Comitatenses
50:06 Conscription
52:42 Blast Furnace
54:25 Crop Rotation
alaad4
3:21 Loom
12:20 Feudal Age
17:24 Castle Age
15:25 Stone Mining
15:30 Gold Mining
26:06 Imperial Age
24:58 Wheelbarrow
24:09 Town Watch
28:07 Gold Shaft Mining
28:57 Fishing Lines
30:06 Murder Holes
31:13 Chemistry
30:39 Husbandry
30:50 Bloodlines
30:01 Light Cavalry
32:35 Hussar
35:29 Parthian Tactics
35:14 Elite Skirmisher
38:24 Fletching
38:35 Padded Archer Armor
40:20 Bodkin Arrow
40:41 Leather Archer Armor
40:39 Capped Ram
40:53 Capped Ram
41:29 Gillnets
44:10 Medium Warships
45:07 Pikeman
46:07 Double-Bit Axe
48:01 Scale Barding Armor
48:09 Forging
47:48 Arson
49:12 Bow Saw
48:52 Crossbowman
49:43 Pikeman
51:19 Heavy Warships
51:45 Coinage
51:17 Caravan
50:48 Elite Cannon Galleon
54:54 Conscription
Connection lost

Rejoining the realm…

Still unreachable

The connection could not be restored.

Session expired

The server has moved on; the page needs a fresh start.